 Dungeon Sprint DCSS version 0.17.2-1-ge4368a0 (webtiles) character file.

85384 mopl the Imperceptible (level 14, 0/84 HPs)
             Began as a Spriggan Assassin on Aug 22, 2016.
             Was the Champion of Trog.
             Hit by a large rock of returning thrown by Chuck (22 damage)
             ... in the Dungeon (Sprint III: "The Ten Rune Challenge").
             The game lasted 00:26:20 (6292 turns).

mopl the Imperceptible (Spriggan Assassin)          Turns: 6292, Time: 00:26:21

Health: 0/84       AC:  4    Str:  7    XL:     14   Next: 45%
Magic:  23/23      EV: 35    Int: 13    God:    Trog [******]
Gold:   182        SH:  0    Dex: 24    Spells: 0 memorised, 13 levels left

rFire  . . .     SeeInvis +     a - +6 rapier (elec)
rCold  . . .     Clarity  .     T - +0 robe (curse)
rNeg   . . .     SustAt   .     (shield restricted)
rPois  .         Gourm    .     v - +0 hat
rElec  .         Spirit   .     S - +1 cloak "Saul" {+Fly}
rCorr  .         Warding  .     (gloves unavailable)
rMut   .         NoTele   +     (boots unavailable)
MR     ++...                    (no amulet)
Stlth  ++++++++++               (no ring)
                                (no ring)

@: flying, very quick, very resistant to hostile enchantments, uncannily
stealthy
A: unfitting armour, see invisible, agile 1, herbivore 3, speed 3, low mp 1,
slow metabolism 2, spit poison 1, wild magic 1
a: Spit Poison, Berserk, Trog's Hand, Brothers in Arms, Burn Spellbooks,
Renounce Religion, Stop Flying
}: 2/10 runes: decaying, serpentine


You were in the Dungeon.
You worshipped Trog.
Trog was exalted by your worship.
You were very full.

You visited 1 branch You collected 2023 gold pieces.
You spent 1841 gold pieces at shops.

Inventory:

Hand Weapons
 a - a +6 rapier of electrocution (weapon)
 b - a +0 blowgun
 p - a +5 antimagic rapier
 D - a +6 rapier of venom
 G - the +8 dagger "Dukkaps" {flame, rN+}
   (Trog gifted it to you in the Dungeon)

   It has been specially enchanted to burn those struck by it, causing extra
   injury to most foes and up to half again as much damage against particularly
   susceptible opponents.
   It protects you from negative energy.
 H - a +8 quick blade
 U - the +5 short sword of the Seven Wishes {antimagic, rElec}
   (You found it in the Dungeon)

   It disrupts the flow of magical energy around spellcasters and certain
   magical creatures (including the wielder).
   It insulates you from electricity.
Missiles
 e - 5 poisoned needles
 f - 9 curare-tipped needles
 o - 8 needles of frenzy
 x - 10 throwing nets
 y - 10 needles of confusion
 z - 31 poisoned tomahawks
 B - 13 silver tomahawks (quivered)
 C - 14 needles of sleeping
 E - 6 tomahawks of returning
 F - 11 exploding tomahawks
Armour
 v - a +0 hat (worn)
 S - the +1 cloak "Saul" (worn) {+Fly}
   (You bought it in a shop in the Dungeon)

   It lets you fly.
 T - a cursed +0 robe (worn)
Wands
 u - a wand of teleportation (4)
Scrolls
 c - a scroll of fog
 q - 3 scrolls of remove curse
 t - a scroll of holy word
 K - a scroll of recharging
 L - 6 scrolls of identify
 M - 2 scrolls of enchant armour
 O - 2 scrolls of blinking
 P - a scroll of fear
 Q - a scroll of enchant weapon
Potions
 h - 2 potions of curing
 i - 3 potions of heal wounds
 j - 5 potions of haste
 k - 2 potions of magic
 l - 2 potions of berserk rage {!q}
 m - a potion of invisibility
 n - a potion of might
 r - 2 potions of cure mutation {!q}
 s - 3 potions of flight
 I - a potion of cancellation
 N - 2 potions of agility
 R - a potion of ambrosia
Miscellaneous
 w - a plain deck of war {drawn: 1}
 A - a lamp of fire
Comestibles
 g - 3 bread rations
 J - 26 royal jellies


   Skills:
 + Level 14.3 Fighting
 - Level 14.2 Short Blades
 * Level 23.3 Throwing
 + Level 15.4 Dodging
 + Level 26.3 Stealth
 + Level 14.3 Evocations


You had 13 spell levels left.
You didn't know any spells.

Dungeon Overview and Level Annotations

Branches:
Dungeon (1/1)

Altars:
Cheibriados
Dithmenos
Elyvilon
Fedhas
Gozag
Kikubaaqudgha
Makhleb
Nemelex Xobeh
Okawaru
Qazlal
Ru
Sif Muna
Trog
Vehumet
Xom
Yredelemnul
Zin
The Shining One
Jiyva
Lugonu

Shops:
D (}::(?=%%:(?%[(!}:

Annotations:
D Chuck


Innate Abilities, Weirdness & Mutations

You are tiny and cannot use many weapons and most armour.
You have supernaturally acute eyesight.
You are a herbivore.
You cover ground extremely quickly.
You need consume almost no food.
You are agile. (Dex +2)
Your magical capacity is low (-10% MP).
You can spit weak poison.
Your spells are a little harder to cast, but a little more powerful.


Message History

The needle of sleeping barely misses Chuck.
Firing (i - inventory. (,) - cycle):
C - 16 needles of sleeping (quivered)
Press: ? - help, Shift-Dir - straight line, f/p - Chuck
Aim: Chuck You shoot a needle of sleeping.
The needle of sleeping hits Chuck.
Chuck resists.
Chuck throws a large rock of returning.
The large rock of returning hits you!!
* * * LOW HITPOINT WARNING * * *
The weapon returns to Chuck!
Found a runed spear.
You are too injured to fight recklessly!
Firing (i - inventory. (,) - cycle):
C - 15 needles of sleeping (quivered)
Press: ? - help, Shift-Dir - straight line, f/p - Chuck
Aim: Chuck You shoot a needle of sleeping.
The needle of sleeping hits Chuck.
You hear the crackle of electricity.
a - a +6 rapier of electrocution (weapon)
Chuck shouts!
Chuck throws a large rock of returning.
The large rock of returning hits you!!
You die...

*,,,,,,,+,,,,,,,,,*
*,*******,,,,,,,,,*
*,,,,,,,*,,,,,,,,,*
*******,*,,,,,,,,,*
*,,,,,,,*,,,,,,,,,*
*****+*******######
#,,,*,*,*,,,,§)§§C#
#*,,,,,**≈≈≈≈§§§§§#
#,*,,,*,*,,,,§§§@§#
#*,,,*,**,,,,§§§§§#
#,*,,,*,+,,,,.§§§§#
################'##
#|..#}..#%.#......#
#...#...#..#..PPP.#
##'###'##..#..P.P.#
#.......'..'..PP..#
#.#####.####......#


You could see Chuck.

Vanquished Creatures
  Sigmund (D)
  Rupert (D)
  Gastronok (D)
  4 azure jellies (D)
  A greater naga (D)
  Maud (D)
  2 dire elephants (D)
  Azrael (D)
  Erolcha (D)
  A fire dragon (D)
  4 yaktaur captains (D)
  A naga warrior (D)
  3 hydras (D)
  8 anacondas (D)
  A centaur warrior (D)
  4 death yaks (D)
  A deep elf knight (D)
  A death drake (D)
  A spriggan druid (D)
  A swamp dragon (D)
  A lindwurm (D)
  2 deep elf summoners (D)
  A deep elf conjurer (D)
  A crystal guardian (D)
  3 ugly things (D)
  2 elephants (D)
  2 spiny frogs (D)
  4 black mambas (D)
  A guardian serpent (D)
  Edmund (D)
  A yaktaur (D)
  2 deep elf priests (D)
  A komodo dragon (D)
  A fire drake (D)
  4 spriggan defenders (D)
  2 orc high priests (D)
  3 wandering mushrooms (D)
  2 slime creatures (D)
  8 blink frogs (D)
  A boulder beetle (shapeshifter) (D)
  2 spriggans (D)
  A shadow (D)
  2 trapdoor spiders (D)
  4 redbacks (D)
  2 hill giants (D)
  3 swamp drakes (D)
  2 nagas (D)
  A spatial vortex (D)
  5 water moccasins (D)
  A necrophage (D)
  3 two-headed ogres (D)
  2 brain worms (D)
  A water elemental (D)
  4 killer bees (D)
  An electric eel (D)
  A wizard (D)
  A jelly (D)
  2 orc priests (D)
  A necromancer (D)
  3 humans (D)
  A kobold demonologist (D)
  3 adders (D)
  A phantom (D)
  4 rats (D)
  3 plants (D)
136 creatures vanquished.

Vanquished Creatures (collateral kills)
  the Lernaean hydra (D)
  4 dancing weapons (D)
  An orange crystal statue (D)
  An orc sorcerer (D)
  3 crystal guardians (D)
  An orc knight (D)
  A queen bee (D)
  3 orc warriors (D)
  28 killer bees (D)
  3 orc priests (D)
  2 orc wizards (D)
  8 orcs (D)
56 creatures vanquished.

Vanquished Creatures (others)
  2 draconian scorchers (D)
  A yaktaur (D)
  A bush (D)
  9 plants (D)
13 creatures vanquished.

Grand Total: 205 creatures vanquished

Notes
Turn   | Place    | Note
--------------------------------------------------------------
     0 | D        | mopl the Spriggan Assassin began the quest for the Orb.
     0 | D        | Reached XP level 1. HP: 10/10 MP: 2/2
     9 | D        | Reached skill level 6 in Stealth
    58 | D        | Reached skill level 3 in Throwing
    58 | D        | Reached skill level 7 in Stealth
   217 | D        | Reached skill level 4 in Throwing
   217 | D        | Reached skill level 8 in Stealth
   217 | D        | Reached XP level 2. HP: 9/14 MP: 3/3
   221 | D        | Killed a white draconian scorcher
   244 | D        | Killed a yaktaur
   330 | D        | Killed a white draconian scorcher
   347 | D        | Gained mutation: Your spells are a little harder to cast, but a little more powerful. [potion of mutation]
   347 | D        | Gained mutation: Your magical capacity is low (-10% MP). [potion of mutation]
   347 | D        | Gained mutation: You have a pair of small horns on your head. [potion of mutation]
   348 | D        | Gained mutation: You can spit weak poison. [potion of mutation]
   348 | D        | Gained mutation: You are agile. (Dex +2) [potion of mutation]
   348 | D        | Lost mutation: You have a pair of small horns on your head. [potion of mutation]
   354 | D        | Noticed a water elemental
   357 | D        | Killed a water elemental
   357 | D        | Reached skill level 6 in Throwing
   357 | D        | Reached skill level 10 in Stealth
   357 | D        | Reached XP level 3. HP: 18/18 MP: 3/3
   357 | D        | Reached XP level 4. HP: 22/22 MP: 4/4
   363 | D        | Found an iron altar of Okawaru.
   364 | D        | Found a bloodstained altar of Trog.
   364 | D        | Noticed a human
   364 | D        | Noticed a human
   366 | D        | Killed a human
   366 | D        | Reached skill level 8 in Throwing
   366 | D        | Reached skill level 13 in Stealth
   366 | D        | Reached XP level 5. HP: 25/25 MP: 5/5
   367 | D        | Killed a human
   367 | D        | Reached skill level 9 in Throwing
   367 | D        | Reached skill level 15 in Stealth
   367 | D        | Reached XP level 6. HP: 30/30 MP: 6/6
   377 | D        | Found a glowing silver altar of Zin.
   378 | D        | Found a glowing golden altar of the Shining One.
   378 | D        | Found a white marble altar of Elyvilon.
   378 | D        | Noticed a deep elf priest
   380 | D        | Killed a deep elf priest
   380 | D        | Reached skill level 3 in Fighting
   380 | D        | Reached skill level 4 in Short Blades
   380 | D        | Reached skill level 10 in Throwing
   380 | D        | Reached XP level 7. HP: 33/36 MP: 7/7
   390 | D        | Found a basalt altar of Yredelemnul.
   390 | D        | Found a snail-covered altar of Cheibriados.
   390 | D        | Found a blossoming altar of Fedhas.
   390 | D        | Noticed a necrophage
   390 | D        | Noticed a necromancer
   392 | D        | Killed a necrophage
   392 | D        | Reached skill level 11 in Throwing
   392 | D        | Reached skill level 16 in Stealth
   393 | D        | Killed a necromancer
   406 | D        | Found a radiant altar of Vehumet.
   407 | D        | Found a deep blue altar of Sif Muna.
   407 | D        | Found an ancient bone altar of Kikubaaqudgha.
   407 | D        | Noticed a wizard
   408 | D        | Killed a wizard
   408 | D        | Reached skill level 5 in Short Blades
   421 | D        | Became a worshipper of Trog the Wrathful
   430 | D        | Reached * piety under Trog
   430 | D        | Reached ** piety under Trog
   451 | D        | Noticed a jelly
   452 | D        | Noticed a shadow
   454 | D        | Killed a shadow
   454 | D        | Reached skill level 4 in Fighting
   550 | D        | Killed a jelly
   815 | D        | Found a stormy altar of Qazlal.
   816 | D        | Found a sacrificial altar of Ru.
   816 | D        | Found a burning altar of Makhleb.
   816 | D        | Found a viscous altar of Jiyva.
   816 | D        | Found a shimmering altar of Xom.
   816 | D        | Found a shadowy altar of Dithmenos.
   816 | D        | Found a sparkling altar of Nemelex Xobeh.
   816 | D        | Found a corrupted altar of Lugonu.
   816 | D        | Found an opulent altar of Gozag.
   816 | D        | Noticed a spatial vortex
   818 | D        | Killed a spatial vortex
   818 | D        | Reached XP level 8. HP: 40/42 MP: 8/8
   831 | D        | Noticed a two-headed ogre
   831 | D        | Noticed a two-headed ogre
   835 | D        | Killed a two-headed ogre
   835 | D        | Reached skill level 6 in Short Blades
   835 | D        | Reached skill level 12 in Throwing
   837 | D        | Killed a two-headed ogre
   839 | D        | Noticed a two-headed ogre
   866 | D        | Killed a two-headed ogre
   866 | D        | Reached *** piety under Trog
  1084 | D        | Noticed a hill giant
  1087 | D        | Killed a hill giant
  1087 | D        | Reached skill level 5 in Fighting
  1092 | D        | Noticed a hill giant
  1092 | D        | Noticed Erolcha
  1094 | D        | Killed Erolcha
  1094 | D        | Reached skill level 6 in Fighting
  1094 | D        | Reached skill level 8 in Short Blades
  1094 | D        | Reached skill level 13 in Throwing
  1094 | D        | Reached skill level 17 in Stealth
  1094 | D        | Reached XP level 9. HP: 45/48 MP: 9/9
  1095 | D        | Killed a hill giant
  1095 | D        | Reached **** piety under Trog
  1101 | D        | Noticed a redback
  1110 | D        | Killed a redback
  1110 | D        | Reached skill level 18 in Stealth
  1112 | D        | Noticed a trapdoor spider
  1132 | D        | Killed a trapdoor spider
  1132 | D        | Received a gift from Trog
  1371 | D        | Noticed a trapdoor spider
  1394 | D        | Killed a trapdoor spider
  1394 | D        | Reached skill level 14 in Throwing
  1707 | D        | Noticed Sigmund
  1707 | D        | Noticed Edmund
  1711 | D        | Killed Sigmund
  1711 | D        | Reached skill level 8 in Fighting
  1711 | D        | Reached skill level 10 in Short Blades
  1711 | D        | Reached skill level 16 in Throwing
  1711 | D        | Reached skill level 19 in Stealth
  1711 | D        | Reached XP level 10. HP: 53/57 MP: 10/10
  1712 | D        | Killed Edmund
  1712 | D        | Reached skill level 11 in Short Blades
  1722 | D        | Noticed a wandering mushroom
  1726 | D        | Noticed a wandering mushroom
  1729 | D        | Noticed a wandering mushroom
  1743 | D        | Killed a wandering mushroom
  1761 | D        | Killed a wandering mushroom
  1761 | D        | Reached skill level 20 in Stealth
  1767 | D        | Killed a wandering mushroom
  1798 | D        | Noticed a yaktaur captain
  1798 | D        | Noticed a yaktaur captain
  1798 | D        | Noticed an orc priest
  1798 | D        | Noticed a yaktaur
  1799 | D        | Noticed an orc high priest
  1801 | D        | Killed a yaktaur captain
  1801 | D        | Reached ***** piety under Trog
  1801 | D        | Reached skill level 9 in Fighting
  1803 | D        | Noticed a yaktaur captain
  1805 | D        | Killed a yaktaur captain
  1805 | D        | Reached XP level 11. HP: 62/62 MP: 10/10
  1809 | D        | Killed a yaktaur
  1813 | D        | Killed a yaktaur captain
  1813 | D        | Reached skill level 12 in Short Blades
  1813 | D        | Reached skill level 17 in Throwing
  1823 | D        | Noticed Azrael
  1825 | D        | Killed Azrael
  1825 | D        | Reached skill level 21 in Stealth
  1874 | D        | Noticed a spiny frog
  1874 | D        | Noticed a komodo dragon
  1874 | D        | Noticed a spiny frog
  1877 | D        | Killed a spiny frog
  1878 | D        | Killed a komodo dragon
  1878 | D        | Reached skill level 10 in Fighting
  1879 | D        | Killed a spiny frog
  1881 | D        | Noticed a redback
  1883 | D        | Killed a redback
  1884 | D        | Noticed a brain worm
  1887 | D        | Killed a brain worm
  1887 | D        | Received a gift from Trog
  1887 | D        | Reached ****** piety under Trog
  1890 | D        | Noticed a brain worm
  1892 | D        | Killed a brain worm
  1892 | D        | Received a gift from Trog
  1896 | D        | Noticed a lindwurm
  1898 | D        | Noticed a redback
  1899 | D        | Killed a lindwurm
  1901 | D        | Killed a redback
  1905 | D        | Noticed a redback
  1906 | D        | Killed a redback
  1906 | D        | Received a gift from Trog
  1906 | D        | Reached skill level 18 in Throwing
  1908 | D        | Noticed Maud
  1910 | D        | Killed Maud
  1910 | D        | Reached skill level 13 in Short Blades
  1913 | D        | Noticed an electric eel
  1914 | D        | Noticed a six-headed hydra
  1914 | D        | Noticed an eight-headed hydra
  1928 | D        | Killed an eight-headed hydra
  1928 | D        | Received a gift from Trog
  1943 | D        | Killed a six-headed hydra
  1943 | D        | Received a gift from Trog
  2109 | D        | Killed an electric eel
  2109 | D        | Reached skill level 22 in Stealth
  2211 | D        | Noticed a death drake
  2214 | D        | Killed a death drake
  2260 | D        | Noticed a swamp drake
  2260 | D        | Noticed a fire drake
  2261 | D        | Killed a fire drake
  2261 | D        | Reached XP level 12. HP: 69/69 MP: 11/11
  2263 | D        | Killed a swamp drake
  2269 | D        | Noticed a blink frog
  2269 | D        | Noticed a blink frog
  2270 | D        | Noticed a blink frog
  2270 | D        | Noticed a blink frog
  2272 | D        | Noticed a blink frog
  2293 | D        | Killed a blink frog
  2297 | D        | Killed a blink frog
  2297 | D        | Received a gift from Trog
  2301 | D        | Killed a blink frog
  2505 | D        | Killed a blink frog
  2505 | D        | Received a gift from Trog
  2505 | D        | Reached skill level 11 in Fighting
  2518 | D        | Killed a blink frog
  2518 | D        | Reached skill level 19 in Throwing
  2724 | D        | Noticed Rupert
  2728 | D        | Killed Rupert
  2728 | D        | Received a gift from Trog
  2728 | D        | Reached skill level 14 in Short Blades
  2736 | D        | Noticed a death yak
  2737 | D        | Noticed a death yak
  2737 | D        | Noticed a blink frog
  2747 | D        | Killed a death yak
  2747 | D        | Reached skill level 2 in Dodging
  2747 | D        | Reached skill level 1 in Evocations
  2750 | D        | Noticed a death yak
  2758 | D        | Noticed a death yak
  2762 | D        | Killed a death yak
  2762 | D        | Reached skill level 3 in Dodging
  2762 | D        | Reached skill level 2 in Evocations
  2771 | D        | Killed a death yak
  2771 | D        | Reached skill level 4 in Dodging
  2771 | D        | Reached skill level 3 in Evocations
  2776 | D        | Killed a death yak
  2776 | D        | Reached skill level 23 in Stealth
  2782 | D        | Noticed a blink frog
  2788 | D        | Noticed a black mamba
  2814 | D        | Noticed a black mamba
  2820 | D        | Noticed a blink frog
  2822 | D        | Killed a blink frog
  2822 | D        | Received a gift from Trog
  2822 | D        | Reached skill level 5 in Dodging
  2822 | D        | Reached skill level 4 in Evocations
  2837 | D        | Killed a black mamba
  2837 | D        | Received a gift from Trog
  2848 | D        | Killed a blink frog
  2855 | D        | Noticed an azure jelly
  2855 | D        | Noticed an azure jelly
  2857 | D        | Noticed an azure jelly
  2857 | D        | Noticed an azure jelly
  2875 | D        | Killed a black mamba
  2879 | D        | Killed a blink frog
  2888 | D        | Noticed a black mamba
  2889 | D        | Noticed an anaconda
  2889 | D        | Noticed an anaconda
  2889 | D        | Noticed an anaconda
  2916 | D        | Killed an anaconda
  2916 | D        | Reached skill level 20 in Throwing
  2916 | D        | Reached skill level 6 in Dodging
  2916 | D        | Reached skill level 5 in Evocations
  2921 | D        | Killed a black mamba
  2927 | D        | Killed an anaconda
  2927 | D        | Received a gift from Trog
  2933 | D        | Killed an anaconda
  2933 | D        | Reached skill level 7 in Dodging
  2933 | D        | Reached skill level 6 in Evocations
  3092 | D        | Noticed an anaconda
  3092 | D        | Noticed an anaconda
  3092 | D        | Noticed a black mamba
  3110 | D        | Killed an anaconda
  3110 | D        | Reached skill level 12 in Fighting
  3143 | D        | Killed an anaconda
  3143 | D        | Received a gift from Trog
  3149 | D        | Killed a black mamba
  3149 | D        | Reached skill level 8 in Dodging
  3149 | D        | Reached skill level 7 in Evocations
  3151 | D        | Got a slimy dagger {god gift}
  3152 | D        | Identified the +8 dagger "Dukkaps" {flame, rN+} (Trog gifted it to you in the Dungeon)
  3173 | D        | Noticed a water moccasin
  3180 | D        | Killed a water moccasin
  3182 | D        | Noticed a water moccasin
  3182 | D        | Noticed an anaconda
  3182 | D        | Noticed an anaconda
  3182 | D        | Noticed a water moccasin
  3182 | D        | Noticed a water moccasin
  3183 | D        | Killed a water moccasin
  3184 | D        | Noticed an anaconda
  3184 | D        | Noticed a water moccasin
  3185 | D        | Killed an anaconda
  3185 | D        | Reached XP level 13. HP: 72/75 MP: 17/17
  3187 | D        | Killed a water moccasin
  3220 | D        | Killed an anaconda
  3229 | D        | Killed a water moccasin
  3229 | D        | Received a gift from Trog
  3292 | D        | Killed an anaconda
  3292 | D        | Reached skill level 9 in Dodging
  3292 | D        | Reached skill level 8 in Evocations
  3298 | D        | Killed a water moccasin
  3306 | D        | Noticed a naga
  3306 | D        | Noticed a naga
  3307 | D        | Noticed a naga warrior
  3307 | D        | Noticed a greater naga
  3309 | D        | Found Amyok's Magic Scroll Boutique.
  3309 | D        | Found Matt's Antique Weapon Emporium.
  3311 | D        | Found Huomeash's Gadget Shop.
  3313 | D        | Killed a naga
  3353 | D        | Killed a greater naga
  3353 | D        | Reached skill level 24 in Stealth
  3365 | D        | Killed a naga warrior
  3365 | D        | Received a gift from Trog
  3365 | D        | Reached skill level 9 in Evocations
  3378 | D        | Killed a naga
  3378 | D        | Received a gift from Trog
  3378 | D        | Reached skill level 10 in Dodging
  3394 | D        | Noticed a guardian serpent
  3401 | D        | Killed a guardian serpent
  3401 | D        | Reached skill level 21 in Throwing
  3403 | D        | Got a serpentine rune of Zot
  3483 | D        | Killed an azure jelly
  3483 | D        | Received a gift from Trog
  3484 | D        | Killed an azure jelly
  3496 | D        | Killed an azure jelly
  3496 | D        | Reached skill level 11 in Dodging
  3496 | D        | Reached skill level 10 in Evocations
  3522 | D        | Killed an azure jelly
  3522 | D        | Reached skill level 13 in Fighting
  3699 | D        | Noticed Gastronok
  3700 | D        | Noticed an elephant
  3700 | D        | Noticed an elephant
  3700 | D        | Noticed a dire elephant
  3700 | D        | Noticed a dire elephant
  3725 | D        | Killed a dire elephant
  3733 | D        | Killed a dire elephant
  3733 | D        | Received a gift from Trog
  3733 | D        | Reached skill level 12 in Dodging
  3733 | D        | Reached skill level 11 in Evocations
  3749 | D        | Killed Gastronok
  3776 | D        | Killed an elephant
  3776 | D        | Reached skill level 25 in Stealth
  3787 | D        | Killed an elephant
  3942 | D        | Noticed a swamp drake
  3943 | D        | Noticed a swamp dragon
  3944 | D        | Killed a swamp drake
  3944 | D        | Reached skill level 22 in Throwing
  3947 | D        | Noticed a swamp drake
  3948 | D        | Found Jatod's Book Emporium.
  3948 | D        | Found Vakkis's Antique Weapon Shop.
  3951 | D        | Killed a swamp drake
  3951 | D        | Received a gift from Trog
  3954 | D        | Found Luguann's Magic Scroll Shoppe.
  3960 | D        | Killed a swamp dragon
  3972 | D        | Bought a scroll of random uselessness for 10 gold pieces
  3991 | D        | Noticed a four-headed hydra
  3991 | D        | Noticed the 27-headed Lernaean hydra
  4033 | D        | Killed a four-headed hydra
  4188 | D        | Got a decaying rune of Zot
  4189 | D        | Killed the 27-headed Lernaean hydra
  4189 | D        | Reached skill level 13 in Dodging
  4189 | D        | Reached skill level 12 in Evocations
  4189 | D        | Reached XP level 14. HP: 14/82 MP: 20/22
  4513 | D        | Found a blossoming altar of Fedhas.
  4513 | D        | Noticed a spriggan
  4513 | D        | Noticed a spriggan druid
  4513 | D        | Noticed a spriggan
  4518 | D        | Killed a spriggan
  4520 | D        | Killed a spriggan druid
  4521 | D        | Killed a spriggan
  4604 | D        | Found Myggail's Book Boutique.
  4604 | D        | Noticed an orc knight
  4605 | D        | Noticed an orc wizard
  4606 | D        | Noticed an orc priest
  4606 | D        | Noticed an orc warrior
  4615 | D        | Killed an orc knight
  4615 | D        | Received a gift from Trog
  4616 | D        | Noticed an orc priest
  4616 | D        | Killed an orc wizard
  4619 | D        | Killed an orc priest
  4621 | D        | Noticed an orc sorcerer
  4623 | D        | Noticed an orc wizard
  4623 | D        | Killed an orc sorcerer
  4625 | D        | Killed an orc warrior
  4625 | D        | Received a gift from Trog
  4627 | D        | Noticed an orc warrior
  4629 | D        | Killed an orc warrior
  4630 | D        | Noticed an orc warrior
  4630 | D        | Killed an orc priest
  4632 | D        | Noticed an orc priest
  4633 | D        | Killed an orc warrior
  4634 | D        | Received a gift from Trog
  4635 | D        | Killed an orc wizard
  4637 | D        | Killed an orc priest
  4640 | D        | Received a gift from Trog
  4775 | D        | Bought a scroll of recharging for 95 gold pieces
  4775 | D        | Bought 2 scrolls of identify for 40 gold pieces
  4775 | D        | Bought a scroll of identify for 20 gold pieces
  4775 | D        | Bought a scroll of identify for 20 gold pieces
  4775 | D        | Bought a scroll of identify for 20 gold pieces
  4775 | D        | Bought a scroll of enchant armour for 75 gold pieces
  4775 | D        | Bought 3 scrolls of amnesia for 105 gold pieces
  4775 | D        | Bought a scroll of identify for 20 gold pieces
  4893 | D        | Bought a scroll of blinking for 97 gold pieces
  4893 | D        | Bought a scroll of fear for 45 gold pieces
  4893 | D        | Bought a scroll of identify for 26 gold pieces
  4893 | D        | Bought a scroll of enchant armour for 97 gold pieces
  4893 | D        | Bought a scroll of identify for 26 gold pieces
  4893 | D        | Bought a scroll of enchant weapon for 97 gold pieces
  4893 | D        | Bought a scroll of blinking for 97 gold pieces
  5019 | D        | Noticed a deep elf knight
  5019 | D        | Noticed a deep elf conjurer
  5019 | D        | Noticed a deep elf priest
  5019 | D        | Noticed a deep elf summoner
  5019 | D        | Noticed a deep elf summoner
  5035 | D        | Killed a deep elf summoner
  5051 | D        | Killed a deep elf knight
  5051 | D        | Reached skill level 14 in Dodging
  5056 | D        | Killed a deep elf summoner
  5056 | D        | Received a gift from Trog
  5067 | D        | Killed a deep elf conjurer
  5067 | D        | Received a gift from Trog
  5067 | D        | Received a gift from Trog
  5067 | D        | Reached skill level 13 in Evocations
  5068 | D        | Got a steaming rapier {god gift}
  5069 | D        | Identified the +3 rapier "Bomp" {flame, *Contam rF++ SInv} (Trog gifted it to you in the Dungeon)
  5085 | D        | Noticed a deep elf conjurer
  5090 | D        | Killed a deep elf priest
  5273 | D        | Noticed a killer bee
  5273 | D        | Noticed a killer bee
  5273 | D        | Noticed a killer bee
  5274 | D        | Noticed a killer bee
  5274 | D        | Noticed a queen bee
  5274 | D        | Noticed a killer bee
  5274 | D        | Noticed a killer bee
  5274 | D        | Noticed a killer bee
  5274 | D        | Noticed a killer bee
  5274 | D        | Noticed a killer bee
  5274 | D        | Noticed a killer bee
  5274 | D        | Noticed a killer bee
  5274 | D        | Noticed a killer bee
  5274 | D        | Noticed a killer bee
  5274 | D        | Noticed a killer bee
  5274 | D        | Noticed a killer bee
  5274 | D        | Noticed a killer bee
  5274 | D        | Noticed a killer bee
  5274 | D        | Noticed a killer bee
  5274 | D        | Noticed a killer bee
  5274 | D        | Noticed a killer bee
  5274 | D        | Noticed a killer bee
  5274 | D        | Noticed a killer bee
  5274 | D        | Noticed a killer bee
  5274 | D        | Noticed a killer bee
  5274 | D        | Noticed a killer bee
  5274 | D        | Noticed a killer bee
  5274 | D        | Noticed a killer bee
  5274 | D        | Noticed a killer bee
  5274 | D        | Noticed a killer bee
  5274 | D        | Noticed a killer bee
  5274 | D        | Noticed a killer bee
  5274 | D        | Noticed a killer bee
  5278 | D        | Killed a killer bee
  5280 | D        | Killed a killer bee
  5281 | D        | Killed a killer bee
  5283 | D        | Killed a killer bee
  5284 | D        | Killed a queen bee
  5285 | D        | Killed a killer bee
  5286 | D        | Killed a killer bee
  5286 | D        | Received a gift from Trog
  5287 | D        | Killed a killer bee
  5287 | D        | Received a gift from Trog
  5288 | D        | Killed a killer bee
  5288 | D        | Killed a killer bee
  5289 | D        | Killed a killer bee
  5290 | D        | Killed a killer bee
  5294 | D        | Killed a killer bee
  5294 | D        | Killed a killer bee
  5295 | D        | Killed a killer bee
  5296 | D        | Killed a killer bee
  5296 | D        | Received a gift from Trog
  5297 | D        | Killed a killer bee
  5299 | D        | Killed a killer bee
  5301 | D        | Killed a killer bee
  5302 | D        | Killed a killer bee
  5302 | D        | Killed a killer bee
  5303 | D        | Killed a killer bee
  5305 | D        | Killed a killer bee
  5310 | D        | Killed a killer bee
  5310 | D        | Received a gift from Trog
  5311 | D        | Killed a killer bee
  5313 | D        | Killed a killer bee
  5313 | D        | Killed a killer bee
  5318 | D        | Killed a killer bee
  5319 | D        | Killed a killer bee
  5320 | D        | Killed a killer bee
  5322 | D        | Killed a killer bee
  5324 | D        | Killed a killer bee
  5324 | D        | Received a gift from Trog
  5326 | D        | Killed a killer bee
  5405 | D        | Noticed an orc priest
  5405 | D        | Noticed an orc high priest
  5441 | D        | Killed an orc high priest
  5499 | D        | Killed an orc priest
  5516 | D        | Killed an orc high priest
  5520 | D        | Killed an orc priest
  5641 | D        | Noticed a spriggan defender
  5642 | D        | Noticed a spriggan defender
  5642 | D        | Noticed a spriggan defender
  5642 | D        | Noticed a spriggan defender
  5645 | D        | Killed a spriggan defender
  5645 | D        | Received a gift from Trog
  5646 | D        | Killed a spriggan defender
  5648 | D        | Killed a spriggan defender
  5648 | D        | Received a gift from Trog
  5649 | D        | Killed a spriggan defender
  5676 | D        | Noticed an orange crystal statue
  5681 | D        | Killed an orange crystal statue
  5681 | D        | Reached skill level 14 in Fighting
  5688 | D        | Noticed a crystal guardian
  5688 | D        | Noticed a crystal guardian
  5688 | D        | Noticed a crystal guardian
  5688 | D        | Noticed a crystal guardian
  5689 | D        | Killed a crystal guardian
  5694 | D        | Killed a crystal guardian
  5696 | D        | Killed a crystal guardian
  5696 | D        | Reached skill level 23 in Throwing
  5698 | D        | Killed a crystal guardian
  5706 | D        | Found Ypygozyw's Magic Scroll Emporium.
  5706 | D        | Found Gusm's Antique Armour Shop.
  5706 | D        | Found Geqiuhum's Book Boutique.
  5706 | D        | Found Miuprez's Book Shoppe.
  5706 | D        | Found Kistebo's Antique Weapon Boutique.
  5706 | D        | Found Vozeivuck's Food Emporium.
  5706 | D        | Found Soizut's Food Shoppe.
  5706 | D        | Found Keixim's Gadget Shop.
  5706 | D        | Found Veckepi's Food Shop.
  5706 | D        | Found Qiareud's Distillery.
  5706 | D        | Found Niehimm's Jewellery Emporium.
  5706 | D        | Found Usozotsa's Antique Weapon Boutique.
  5738 | D        | Bought a potion of invisibility for 80 gold pieces
  5738 | D        | Bought a potion of agility for 40 gold pieces
  5738 | D        | Bought a potion of agility for 40 gold pieces
  5738 | D        | Bought a potion of heal wounds for 50 gold pieces
  5738 | D        | Bought 2 potions of flight for 60 gold pieces
  5738 | D        | Bought a potion of haste for 100 gold pieces
  5738 | D        | Bought a potion of haste for 100 gold pieces
  5738 | D        | Bought a potion of haste for 100 gold pieces
  5738 | D        | Bought a potion of ambrosia for 80 gold pieces
  5741 | D        | Bought an ichor-stained cloak for 209 gold pieces
  5741 | D        | Bought a glowing robe for 15 gold pieces
  5761 | D        | Identified the +1 cloak "Saul" {+Fly} (You bought it in a shop in the Dungeon)
  5766 | D        | Bought a scroll of fog for 28 gold pieces
  5766 | D        | Bought a scroll of magic mapping for 49 gold pieces
  5822 | D        | Noticed a cyan ugly thing
  5823 | D        | Noticed a centaur warrior
  5824 | D        | Noticed a death drake
  5827 | D        | Killed a centaur warrior
  5827 | D        | Reached skill level 26 in Stealth
  5838 | D        | Received a gift from Trog
  5843 | D        | Killed a cyan ugly thing
  5854 | D        | Noticed a trident of protection
  5854 | D        | Noticed a glaive of venom
  5854 | D        | Noticed a mace of draining
  5856 | D        | Noticed a hand axe of electrocution
  5864 | D        | Killed a trident of protection
  5865 | D        | Killed a hand axe of electrocution
  5867 | D        | Killed a glaive of venom
  5867 | D        | Reached skill level 15 in Dodging
  5878 | D        | Killed a mace of draining
  5878 | D        | Reached skill level 14 in Evocations
  5883 | D        | Got a slimy short sword
  5884 | D        | Identified the +5 short sword of the Seven Wishes {antimagic, rElec} (You found it in the Dungeon)
  6184 | D        | Noticed a fire dragon
  6186 | D        | Killed a fire dragon
  6189 | D        | Noticed a slime creature
  6193 | D        | Killed a slime creature
  6202 | D        | Noticed a yaktaur captain
  6203 | D        | Noticed a slime creature
  6204 | D        | Noticed a green ugly thing
  6204 | D        | Noticed a green ugly thing
  6207 | D        | Killed a slime creature
  6212 | D        | Killed a green ugly thing
  6223 | D        | Killed a green ugly thing
  6223 | D        | Received a gift from Trog
  6267 | D        | Killed a yaktaur captain
  6281 | D        | Noticed Chuck
  6292 | D        | Hit by a large rock of returning thrown by Chuck

Action                   |  1- 3 |  4- 6 |  7- 9 | 10-12 | 13-15 || total
-------------------------+-------+-------+-------+-------+-------++-------
Melee: Dagger            |     8 |     3 |    21 |    48 |       ||    80
       Rapier            |       |       |       |    35 |   128 ||   163
       Quick blade       |       |       |       |    27 |    20 ||    47
 Fire: Blowgun           |    10 |       |    14 |    29 |    61 ||   114
Throw: Throwing net      |       |       |       |     6 |       ||     6
       Tomahawk          |       |       |       |    15 |     2 ||    17
Invok: Burn Spellbooks   |       |       |     1 |       |       ||     1
       Brothers in Arms  |       |       |       |       |     7 ||     7
 Abil: Evoke Flight      |       |       |       |       |     1 ||     1
Evoke: Deck              |       |       |       |       |     1 ||     1
  Use: Potion            |     2 |       |       |     1 |       ||     3
       Scroll            |       |       |       |     3 |     8 ||    11
 Stab: Sleeping          |     5 |     3 |    13 |    39 |    40 ||   100
       Held in net/web   |       |       |       |     3 |       ||     3
       Distracted        |       |       |       |     2 |     4 ||     6
  Eat: Royal jelly       |       |       |       |       |     1 ||     1
       Fruit             |       |       |       |       |     9 ||     9
